 Dungeon Crawl Stone Soup version 0.20.0-15-g7f486f2 (webtiles) character file.

4692 kuniqs the Covered (level 10, -6/63 HPs)
             Began as a Gargoyle Fighter on June 9, 2017.
             Was a Believer of Okawaru.
             Mangled by a two-headed ogre
             ... wielding a cursed -3 giant club
              (20 damage)
             ... on level 8 of the Dungeon.
             The game lasted 00:11:38 (8587 turns).

kuniqs the Covered (Gargoyle Fighter)               Turns: 8587, Time: 00:11:39

Health: -6/63      AC: 23    Str: 21    XL:     10   Next: 44%
Magic:  12/12      EV: 11    Int:  9    God:    Okawaru [**....]
Gold:   397        SH: 11    Dex: 11    Spells: 6/9 levels left

rFire    + . .     SeeInvis .   F - +0 flail (protect)
rCold    . . .     Gourm    .   c - +0 shield
rNeg     + . .     Faith    .   M - +1 ring mail of Spite {+Blink rF+ MR+}
rPois    ∞         Spirit   .   (no helmet)
rElec    +         Reflect  .   (no cloak)
rCorr    .         Harm     .   y - +0 pair of gloves
MR       +....                  (no boots)
Stlth    +.........             (no amulet)
Regen    0.2/turn               (no ring)
MPRegen  0.2/turn               (no ring)

@: protection aura
A: negative energy resistance 1, electricity resistance, unbreathing,
petrification resistance, rot immunity, AC +7
a: Heroism, Renounce Religion, Evoke Blink


You were on level 8 of the Dungeon.
You worshipped Okawaru.
Okawaru was pleased with you.
You were not hungry.

You visited 2 branches of the dungeon, and saw 9 of its levels.
You also visited: Ossuary.

You collected 397 gold pieces.

Inventory:

Hand Weapons
 E - a +1 whip of electrocution
 F - a +0 flail of protection (weapon)
Missiles
 z - 6 javelins
 B - 5 tomahawks (quivered)
Armour
 c - a +0 shield (worn)
 y - a +0 pair of gloves (worn)
 I - a +1 scale mail of cold resistance
 M - the +1 ring mail of Spite (worn) {+Blink rF+ MR+}
   (You found it on level 7 of the Dungeon)

   It protects you from fire.
   It affects your resistance to hostile enchantments.
   It lets you blink.
Wands
 t - a wand of polymorph (3/24)
 v - a wand of disintegration (15/24)
Scrolls
 g - a scroll of noise {unknown}
 i - 3 scrolls of blinking {unknown}
 j - 2 scrolls of enchant armour {unknown}
 k - a scroll of fog {unknown}
 m - 5 scrolls of remove curse {@r2}
 o - a scroll of fear {unknown}
 q - 6 scrolls of teleportation
 r - 2 scrolls of identify {@r1}
 x - a scroll of holy word {unknown}
 A - a scroll of silence {unknown}
 N - a scroll of immolation {unknown}
Potions
 a - a potion of mutation
 b - 3 potions of brilliance {unknown}
 h - 7 potions of heal wounds
 l - 2 potions of curing {unknown}
 n - a potion of cancellation {unknown}
 p - a potion of flight {unknown}
 s - a potion of agility {unknown}
 u - a potion of magic
 w - 2 potions of lignification {unknown}
 C - 2 potions of resistance {unknown}
 D - a potion of degeneration {unknown}
 H - 2 potions of berserk rage {unknown}
 J - 2 potions of might
 K - 2 potions of haste
 L - a potion of invisibility {unknown}
Comestibles
 d - 11 bread rations
 e - 7 meat rations
 f - 3 fruits
 G - 6 royal jellies
 O - a chunk of flesh


   Skills:
 + Level 7.6 Fighting
 + Level 6.5 Maces & Flails
 + Level 4.1 Throwing
 + Level 7.7 Armour
 + Level 4.8 Dodging
 + Level 7.4 Shields
 + Level 3.3 Invocations


You had 6 spell levels left.
You knew the following spells:

 Your Spells              Type           Power        Failure   Level  Hunger
a - Regeneration          Chrm/Necr      #.........   99%         3    ####...


Dungeon Overview and Level Annotations

Branches:
Dungeon (8/15)             Temple (1/1) D:6
   Lair: D:8-11

Altars:
Ashenzari
Cheibriados
Dithmenos
Elyvilon
Fedhas
Gozag
Hepliaklqana
Kikubaaqudgha
Makhleb
Nemelex Xobeh
Okawaru
Ru
Sif Muna
Xom
Zin
The Shining One


Innate Abilities, Weirdness & Mutations

You are resistant to torment.
Your stone body is resilient. (AC +7)
You are immune to poison.
You resist negative energy. (rN+)
You are resistant to electric shocks. (rElec)
You can survive without breathing.
You are immune to petrification.
You are immune to rotting.


Message History

The two-headed ogre hits you with a giant club!
The orc wizard mumbles some strange words.
The orc wizard flickers and vanishes!
Deactivating autopickup; reactivate with Ctrl-A.
You hit the two-headed ogre.
The two-headed ogre is severely wounded.
You block the two-headed ogre's attack. x2
You sock the two-headed ogre!
The two-headed ogre is almost dead.
The two-headed ogre hits you with a giant club!
You block the two-headed ogre's attack.
You barely miss the two-headed ogre.
The two-headed ogre is almost dead.
The two-headed ogre hits you with a giant club!
* * * LOW HITPOINT WARNING * * *
The two-headed ogre hits you but does no damage.
You hit the two-headed ogre but do no damage.
The two-headed ogre is almost dead.
The two-headed ogre hits you with a giant club!!
You die...

.##.#.###.#.###.# #.#
#)...## #....>..# .. #.#
##.#########...## ... #.#
............#.## #.# #..
##.########.#.### #.# #
### #.# #.....# #.# .#
##.## #.#.#.# #.##.# ....#
#...#.###....# ##.[#
#.....@Ooo.###### #.....
........##{........
....#.####..#####.#.######
#........... #o#.#
#.###.####....o..o#.# #.#
.# #..#####o#.# .# # .....
....# ######


You could see a two-headed ogre, an orc warrior and an orc wizard.

Vanquished Creatures
  Erica (D:8)
  Pikel (D:5)
  2 hippogriffs (D:7)
  The ghost of Bazza123 the Ruffian, an amateur TrBe of Trog (D:4)
  Sigmund (D:3)
  A human (D:7)
  A yak (D:7)
  3 hogs (D:7)
  Edmund (D:6)
  Duvessa (D:6)
  An ice beast (D:5)
  4 ogres
  A phantom (D:4)
  2 centaurs
  2 bullfrogs
  3 water moccasin zombies (Ossuary)
  A scorpion (D:8)
  2 howler monkeys
  2 crimson imps
  3 jellies
  A hound (D:5)
  A centaur skeleton (D:5)
  2 orc priests (D:8)
  A bullfrog skeleton (D:7)
  4 iguanas
  4 orc wizards
  3 worker ants
  3 big kobold zombies (Ossuary)
  2 mummies (Ossuary)
  A worker ant zombie (D:6)
  12 adders
  2 shadow imps
  An ooze (D:1)
  10 adder zombies
  2 adder skeletons (D:7)
  A worm (D:3)
  A leopard gecko (D:2)
  26 orcs
  5 giant cockroaches
  A gnoll zombie (Ossuary)
  7 goblins
  4 hobgoblins
  12 jackals
  5 kobolds
  2 quokkas
  A ball python (D:3)
  8 bats
  5 frilled lizards
  5 hobgoblin zombies (Ossuary)
  4 kobold zombies (Ossuary)
  A leopard gecko skeleton (D:4)
  3 orc zombies (Ossuary)
  3 quokka skeletons
  A quokka zombie (D:5)
  9 rats
187 creatures vanquished.

Vanquished Creatures (others)
  4 slaves (D:6)
  A sky beast (D:6)
  2 bullfrogs (D:6)
  Dowan (D:6)
  An orc wizard (D:6)
  A leopard gecko (D:6)
  6 orcs (D:6)
16 creatures vanquished.

Grand Total: 203 creatures vanquished

Notes
Turn   | Place    | Note
-------+----------+-------------------------------------------
     0 | D:1      | kuniqs the Gargoyle Fighter began the quest for the Orb.
     0 | D:1      | Reached XP level 1. HP: 14/14 MP: 1/1
     8 | D:1      | Reached XP level 2. HP: 19/19 MP: 2/2
   870 | D:2      | Reached XP level 3. HP: 23/24 MP: 3/3
  1477 | D:2      | You fall through a shaft!
  1535 | D:3      | Reached XP level 4. HP: 29/29 MP: 4/4
  1569 | D:3      | Reached skill level 1 in Dodging
  1574 | D:3      | Learned a level 3 spell: Regeneration
  1901 | D:3      | Noticed Sigmund
  1920 | D:3      | Killed Sigmund
  1920 | D:3      | Reached XP level 5. HP: 29/33 MP: 5/5
  1920 | D:3      | Reached XP level 6. HP: 34/38 MP: 6/6
  2176 | D:3      | Found a sparkling altar of Nemelex Xobeh.
  2438 | D:4      | Noticed Bazza123's ghost (amateur TrBe)
  2809 | D:4      | Killed Bazza123's ghost
  3066 | D:4      | Noticed a phantom
  3098 | D:4      | Killed a phantom
  3098 | D:4      | Reached XP level 7. HP: 26/44 MP: 7/7
  3413 | D:4      | Reached skill level 5 in Armour
  3641 | D:5      | Entered Level 5 of the Dungeon
  3645 | D:5      | Reached skill level 5 in Shields
  3703 | D:5      | Reached skill level 5 in Fighting
  4457 | D:5      | Reached XP level 8. HP: 45/49 MP: 8/8
  4470 | D:5      | Found a shadowy altar of Dithmenos.
  5178 | D:6      | Noticed Pikel
  5227 | D:5      | Killed Pikel
  5227 | D:5      | Reached skill level 5 in Maces & Flails
  5227 | D:5      | Reached skill level 1 in Throwing
  5238 | D:6      | Noticed Edmund
  5264 | D:6      | Killed Edmund
  5316 | D:6      | Reached XP level 9. HP: 50/55 MP: 9/9
  5424 | D:6      | Killed Dowan
  5549 | D:6      | Found a sand-covered staircase.
  5557 | Ossuary  | Entered an ossuary
  5962 | D:6      | Noticed Duvessa
  5973 | D:6      | Killed Duvessa
  6189 | D:6      | Found a staircase to the Ecumenical Temple.
  6198 | Temple   | Entered the Ecumenical Temple
  6303 | Temple   | Became a worshipper of Warmaster Okawaru
  6847 | D:7      | Reached skill level 1 in Invocations
  6871 | D:7      | Identified the +1 ring mail of Spite {+Blink rF+ MR+} (You found it on level 7 of the Dungeon)
  6962 | D:7      | Reached * piety under Okawaru
  7178 | D:7      | Reached XP level 10. HP: 27/63 MP: 11/11
  7186 | D:7      | Reached ** piety under Okawaru
  8424 | D:8      | Noticed Erica
  8449 | D:8      | Killed Erica
  8565 | D:8      | Noticed a two-headed ogre
  8587 | D:8      | Mangled by a two-headed ogre

Skill      XL: |  1  2  3  4  5  6  7  8  9 10 |
---------------+-------------------------------+-----
Dodging        | 1 2 3 4 |  4.8
Fighting       | 4 5 6 7 |  7.6
Maces & Flails | 3 4 5 6 |  6.5
Armour         | 4 5 6 7 |  7.7
Shields        | 4 5 6 7 |  7.4
Throwing       | 2 3 4 |  4.1
Invocations    | 2 3 |  3.3

Action                   |  1- 3 |  4- 6 |  7- 9 | 10-12 || total
-------------------------+-------+-------+-------+-------++-------
Melee: Flail             |   131 |   188 |   496 |   193 ||  1008
       Whip              |       |       |   112 |       ||   112
Invok: Heroism           |       |       |       |     1 ||     1
  Use: Potion            |       |     1 |     3 |       ||     4
       Scroll            |       |       |     3 |     1 ||     4
  Eat: Chunk             |     2 |     3 |    13 |     7 ||    25
       Royal jelly       |       |     1 |       |       ||     1
Armor: Scale mail        |    16 |       |   136 |       ||   152
       Chain mail        |    60 |   127 |   161 |       ||   348
       Ring mail         |       |       |    14 |    89 ||   103
Dodge: Dodged            |    27 |    62 |   238 |    94 ||   421
Block: Shield            |    68 |   112 |    18 |   118 ||   316
       Buckler           |       |       |   181 |       ||   181
